[Event "Titled Tuesday Blitz October 25 Late 2022"]
[White "Sivakumar, Shaaketh"]
[Black "Malka, Samuel"]
[WhiteFideId "30940176"]
[BlackFideId "20643675"]
[WhiteElo "2174"]
[BlackElo "2453"]
[Result "1-0"]
[Round "07"]
[TimeControl "180+1"]
[Date "2022.10.26"]
[WhiteClock "0:00:24"]
[BlackClock "0:00:01"]

1. d4 Nf6 2. Nf3 g6 3. Nc3 d5 4. Bf4 Bg7 5. e3 O-O 6. h4 h5 7. Ne5 c5 8. Qd2 Nc6 9. O-O-O cxd4 10. exd4 Be6 11. f3 Rc8 12. Be2 Nd7 13. Nxd7 Qxd7 14. Be3 Nb4 15. a3 Rxc3 16. bxc3 Nc6 17. g4 Na5 18. gxh5 Qa4 19. Kb2 Rc8 20. Ra1 Rc6 21. Rhb1 Bf5 22. hxg6 fxg6 23. Kc1 e5 24. dxe5 Bxe5 25. Bd4 Bxd4 26. Qxd4 Qxd4 27. cxd4 Bxc2 28. Kd2 b6 29. Bb5 Rc7 30. Bd3 Bxb1 31. Rxb1 Nc4+ 32. Ke2 Nxa3 33. Rg1 Nc4 34. Rxg6+ Rg7 35. Rc6 Rg2+ 36. Kf1 Ne3+ 37. Ke1 Rh2 38. Rc7 Ng2+ 39. Kf2 Nxh4+ 40. Kg3 Rd2 41. Bh7+ Kh8 42. Bc2 Rxd4 43. f4 Ng2 44. f5 Ne3 45. Bb1 Nxf5+ 46. Bxf5 a5 47. Be6 Rd3+ 48. Kf4 d4 49. Ke4 Rc3 50. Rb7 Rc6 51. Bd5 Rd6 52. Kxd4 a4 53. Ra7 b5 54. Kc5 Rd8 55. Bb7 1-0


[Site "https://www.chess.com"]

[Event "Titled Tuesday Blitz October 25 Late 2022"]
[White "Sokolovsky, Yahli"]
[Black "Korobov, Anton"]
[WhiteFideId "2820242"]
[BlackFideId "14105730"]
[WhiteElo "2316"]
[BlackElo "2635"]
[Result "0-1"]
[Round "07"]
[TimeControl "180+1"]
[Date "2022.10.26"]
[WhiteClock "0:00:02"]
[BlackClock "0:00:03"]

1. b3 d5 2. e3 c5 3. Bb2 Nc6 4. Bb5 Bd7 5. f4 e6 6. Nf3 Nf6 7. Bxc6 Bxc6 8. Ne5 Rc8 9. O-O Be7 10. d3 O-O 11. Nd2 Be8 12. Rf3 d4 13. Rg3 dxe3 14. Ndc4 g6 15. Nxe3 Nd5 16. N5g4 f6 17. Nxd5 Qxd5 18. Ne3 Qd7 19. Qf3 Bd6 20. Ng4 Qg7 21. Re1 Bc6 22. Qf2 Rce8 23. Rge3 Bd7 24. Qh4 Be7 25. f5 exf5 26. Rxe7 Rxe7 27. Nxf6+ Rxf6 28. Rxe7 Qxe7 29. Bxf6 Qe3+ 30. Kf1 Bc6 31. Bg5 Qe5 32. Bf6 Qd5 33. Qf2 f4 34. Bc3 g5 35. Qe2 Kf7 36. Qh5+ Kf8 37. Qh6+ Ke8 38. Qh5+ Kd7 39. Qe2 b5 40. h3 h6 41. Bg7 h5 42. Bf6 Kc8 43. Be7 Kb7 44. Ke1 a5 45. Kf1 Qf5 46. Qf2 f3 47. Kg1 Qf4 48. Bxc5 Qc1+ 49. Kh2 Qf4+ 50. g3 Qf5 51. Be3 h4 52. gxh4 gxh4 53. Qxh4 Qe5+ 54. Bf4 Qe2+ 0-1


[Site "https://www.chess.com"]

[Event "Titled Tuesday Blitz October 25 Late 2022"]
[White "Souleidis, Georgios"]
[Black "Arabidze, Meri"]
[WhiteFideId "4206827"]
[BlackFideId "13604040"]
[WhiteElo "2401"]
[BlackElo "2403"]
[Result "0-1"]
[Round "07"]
[TimeControl "180+1"]
[Date "2022.10.26"]
[WhiteClock "0:00:02"]
[BlackClock "0:00:08"]

1. e4 c5 2. Be2 e6 3. d3 Nc6 4. f4 Nf6 5. Nf3 d5 6. e5 Nd7 7. O-O g6 8. c4 Nb6 9. a4 Nb4 10. a5 Nd7 11. Nc3 Nb8 12. cxd5 exd5 13. d4 N8c6 14. Be3 c4 15. b3 Bf5 16. bxc4 Nc2 17. Bf2 Nxa1 18. Qxa1 Qxa5 19. Nxd5 Qxa1 20. Rxa1 O-O-O 21. Nf6 b6 22. d5 Na5 23. d6 Bxd6 24. exd6 Rxd6 25. Nd5 Be4 26. Nc3 Bd3 27. Nb5 Rdd8 28. Bxd3 Rxd3 29. Ne5 Rd2 30. c5 f6 31. Nf7 Rf8 32. Nfd6+ Kd7 33. cxb6 axb6 34. Bxb6 Nb3 35. Rb1 Ra8 36. Be3 Rd3 37. Kf2 Ra2+ 38. Kf3 Nd2+ 39. Ke2 Rxe3+ 40. Kxe3 Nxb1 41. Ne4 Rxg2 42. Nxf6+ Ke6 43. Nxh7 Rxh2 44. Ng5+ Kf6 45. Nd6 Nc3 0-1


[Site "https://www.chess.com"]

[Event "Titled Tuesday Blitz October 25 Late 2022"]
[White "Szpar, Milosz"]
[Black "Tokhirjonova, Gulrukhbegim"]
[WhiteFideId "1184989"]
[BlackFideId "14203626"]
[WhiteElo "2422"]
[BlackElo "2236"]
[Result "1-0"]
[Round "07"]
[TimeControl "180+1"]
[Date "2022.10.26"]
[WhiteClock "0:00:42"]
[BlackClock "0:01:16"]

1. e4 e5 2. Nf3 Nc6 3. Bb5 a6 4. Ba4 Nf6 5. O-O Nxe4 6. d4 b5 7. Bb3 d5 8. dxe5 Be6 9. Be3 Be7 10. Nbd2 O-O 11. Nxe4 dxe4 12. Bxe6 fxe6 13. Qxd8 Raxd8 14. Nd2 Nxe5 15. Nxe4 Nc4 16. Bc1 e5 17. b3 Nb6 18. Bb2 Bf6 19. Rad1 Nd5 20. Rd2 Nf4 21. Rfd1 Ne6 22. Rxd8 Rxd8 23. Rxd8+ Nxd8 24. Nc5 a5 25. f3 Kf7 26. Kf2 Ke7 27. Ke3 Nf7 28. a4 bxa4 29. Nxa4 Bg5+ 30. Ke4 Nd6+ 31. Kxe5 Bf6+ 32. Kd5 Bxb2 33. Nxb2 Nf5 34. Nc4 Nh4 35. Ne3 Kd7 36. f4 Ng6 37. g3 Ne7+ 38. Kc5 Nc6 39. c3 g6 40. Kb5 Kd6 41. Nc4+ Kd5 42. Nxa5 Ne7 43. b4 c6+ 44. Kb6 Nc8+ 45. Kc7 Nd6 46. c4+ Nxc4 47. Nxc4 Kxc4 48. Kxc6 Kxb4 49. Kd6 Kc4 50. Ke6 Kd4 51. Kf6 Ke4 52. Kg7 Kf5 53. Kxh7 g5 54. fxg5 Kxg5 55. h3 Kh5 56. Kg7 Kg5 57. Kf7 Kf5 58. Ke7 Kg5 59. Ke6 Kg6 60. Ke5 Kg5 61. Ke4 Kg6 62. Kf4 Kf6 63. h4 Kg6 64. g4 1-0


[Site "https://www.chess.com"]

[Event "Titled Tuesday Blitz October 25 Late 2022"]
[White "Sztokbant, Bernardo Vainzoff"]
[Black "Petrova, Irina"]
[WhiteFideId "2115956"]
[BlackFideId "14124122"]
[WhiteElo "2171"]
[BlackElo "2023"]
[Result "1/2-1/2"]
[Round "07"]
[TimeControl "180+1"]
[Date "2022.10.26"]
[WhiteClock "0:00:04"]
[BlackClock "0:00:09"]

1. e4 d6 2. d4 Nf6 3. Nc3 e5 4. Nf3 Nbd7 5. Bc4 Be7 6. O-O c6 7. Re1 h6 8. a4 Qc7 9. h3 g5 10. a5 Nf8 11. Nh2 Ng6 12. Be3 Kf8 13. Be2 Nf4 14. Bg4 Nxg4 15. hxg4 Kg7 16. Nf1 h5 17. Bxf4 gxf4 18. gxh5 Bd7 19. g4 fxg3 20. Nxg3 Rag8 21. Kf1 Kf8 22. Re3 Bh3+ 23. Ke1 Bg5 24. Rd3 Bg4 25. f3 Bxh5 26. Nce2 Bh4 27. Kf2 exd4 28. f4 Bxg3+ 29. Rxg3 Rxg3 30. Kxg3 Rg8+ 31. Kf2 Qe7 32. Qh1 Bxe2 33. Kxe2 d5 34. e5 Qe6 35. Rg1 Rxg1 36. Qxg1 Qf5 37. Qxd4 Qxc2+ 38. Ke3 Qb3+ 39. Kd2 a6 40. f5 Qg3 41. f6 Qg2+ 42. Kc3 Qf3+ 43. Kd2 Qg2+ 44. Kc1 Qf1+ 45. Kd2 Qg2+ 1/2-1/2


[Site "https://www.chess.com"]

[Event "Titled Tuesday Blitz October 25 Late 2022"]
[White "Tan, Ralph"]
[Black "Harish, Neeraj"]
[WhiteFideId "30966590"]
[BlackFideId "30958130"]
[WhiteElo "2059"]
[BlackElo "1815"]
[Result "1-0"]
[Round "07"]
[TimeControl "180+1"]
[Date "2022.10.26"]
[WhiteClock "0:00:47"]
[BlackClock "0:01:01"]

1. Nf3 Nf6 2. g3 d5 3. Bg2 e6 4. O-O Be7 5. d4 O-O 6. c4 dxc4 7. Ne5 Nc6 8. Bxc6 bxc6 9. Nxc6 Qe8 10. Nxe7+ Qxe7 11. Qa4 e5 12. dxe5 Qxe5 13. Nc3 Rd8 14. Qxc4 Be6 15. Qf4 Qxf4 16. Bxf4 c6 17. Bg5 Rab8 18. b3 Rd7 19. Bxf6 gxf6 20. Rfd1 Rbd8 21. f3 Kf8 22. Kf2 Ke7 23. Rxd7+ Rxd7 24. Ke3 f5 25. Rc1 Rd6 26. Na4 Kd7 27. Nc5+ Kc7 28. Nd3 f6 29. h4 Kb6 30. a4 a5 31. b4 Bd7 32. bxa5+ Kxa5 33. Nc5 Rd5 34. Nxd7 Rxd7 35. Rxc6 Kxa4 36. Rxf6 Re7+ 37. Kf2 Re5 38. Rf7 h5 39. Rh7 f4 40. gxf4 Rf5 41. Kg3 Kb4 42. e4 Rb5 43. f5 Kc4 44. Rxh5 Kd4 45. Kf4 1-0


[Site "https://www.chess.com"]

[Event "Titled Tuesday Blitz October 25 Late 2022"]
[White "Timmermans, Mark"]
[Black "Yoo, Christopher Woojin"]
[WhiteFideId "1026399"]
[BlackFideId "30909694"]
[WhiteElo "2460"]
[BlackElo "2463"]
[Result "0-1"]
[Round "07"]
[TimeControl "180+1"]
[Date "2022.10.26"]
[WhiteClock "0:00:21"]
[BlackClock "0:00:15"]

1. b4 g6 2. Bb2 Nf6 3. c4 Bg7 4. a4 O-O 5. e3 d6 6. b5 e5 7. Nf3 Qe7 8. Be2 Nbd7 9. O-O Re8 10. d4 e4 11. Nfd2 Nf8 12. Nc3 h5 13. Re1 N8h7 14. f3 exf3 15. Bxf3 Ng5 16. Nd5 Nxf3+ 17. Qxf3 Nxd5 18. Qxd5 Bh6 19. Nf1 Be6 20. Qxb7 Bxc4 21. Qf3 a6 22. e4 axb5 23. d5 Bg7 24. Bxg7 Kxg7 25. Nd2 Qe5 26. Qe3 Bxd5 27. Nf3 Qf6 28. e5 dxe5 29. axb5 Rxa1 30. Rxa1 Rb8 31. Rc1 Rxb5 32. Rxc7 Rb1+ 33. Kf2 Rb2+ 34. Kg1 Bxf3 35. gxf3 Qd6 36. Rc1 Qd2 37. Qxd2 Rxd2 0-1


[Site "https://www.chess.com"]

[Event "Titled Tuesday Blitz October 25 Late 2022"]
[White "Vargas, Mauricio"]
[Black "Jimenez Fernandez, Rebeca"]
[WhiteFideId "4404572"]
[BlackFideId "32070934"]
[WhiteElo "2025"]
[BlackElo "1946"]
[Result "0-1"]
[Round "07"]
[TimeControl "180+1"]
[Date "2022.10.26"]
[WhiteClock "0:00:01"]
[BlackClock "0:01:26"]

1. e4 c5 2. Nc3 Nc6 3. f4 g6 4. Nf3 Bg7 5. Bb5 Nd4 6. Bf1 e6 7. g3 Ne7 8. Bg2 O-O 9. O-O d5 10. d3 b5 11. Ne2 Nxf3+ 12. Bxf3 Bb7 13. c3 d4 14. h3 Qd7 15. g4 Rad8 16. c4 bxc4 17. dxc4 d3 18. Nc3 Qd4+ 19. Kg2 Qxc4 20. Be3 Bxc3 21. bxc3 Bxe4 22. Bxe4 Qxe4+ 23. Kg3 Nd5 24. Qf3 Qxe3 25. c4 Qxf3+ 26. Rxf3 Nc3 27. a4 d2 28. Rxc3 d1=Q 29. Rxd1 Rxd1 30. Kf3 Ra1 31. a5 Rxa5 32. Ke4 Rd8 33. Ke5 Kg7 34. f5 exf5 35. gxf5 f6+ 36. Ke6 Rd4 37. Rb3 Ra6+ 38. Ke7 Rxc4 39. Rb7 gxf5 40. h4 Kg6 0-1


[Site "https://www.chess.com"]

[Event "Titled Tuesday Blitz October 25 Late 2022"]
[White "Varriale, Luca"]
[Black "Roberts, Paul"]
[WhiteFideId "882461"]
[BlackFideId "2400600"]
[WhiteElo "2245"]
[BlackElo "2112"]
[Result "1/2-1/2"]
[Round "07"]
[TimeControl "180+1"]
[Date "2022.10.26"]
[WhiteClock "0:00:13"]
[BlackClock "0:00:43"]

1. e4 c5 2. Nf3 e6 3. d4 cxd4 4. Nxd4 Nf6 5. Nc3 Nc6 6. Nb3 d5 7. exd5 exd5 8. Bb5 Bd6 9. Qe2+ Be6 10. Nd4 O-O 11. Bxc6 bxc6 12. Nxe6 fxe6 13. Qxe6+ Kh8 14. O-O Qc7 15. g3 Rae8 16. Qh3 d4 17. Na4 Ne4 18. c3 d3 19. Be3 Qa5 20. b3 Nxc3 21. Nxc3 Qxc3 22. Rac1 Qb2 23. Rxc6 Be5 24. Rd1 Qxa2 25. Qf1 Qxb3 26. Qxd3 Qxd3 27. Rxd3 a5 28. Ra3 Ra8 29. Rc5 Bb2 30. Raxa5 Rxa5 31. Rxa5 h6 32. Rb5 Bf6 33. Kg2 Kh7 34. Rb4 Rf7 35. Bd4 Bxd4 36. Rxd4 Ra7 37. h3 Rb7 38. Rd3 Ra7 39. g4 Rb7 40. Kg3 Ra7 41. f3 Rb7 42. h4 Ra7 43. Rd4 Kg6 44. Rd6+ Kf7 45. g5 hxg5 46. hxg5 Rb7 47. Kg4 Rb4+ 48. f4 Ra4 49. Rb6 Ra7 50. Rb5 Rc7 51. Kf5 Ra7 52. Kg4 Rc7 53. Kh5 Ra7 54. Rf5+ Kg8 55. g6 Ra1 56. Rb5 Rh1+ 57. Kg5 Rg1+ 58. Kf5 Kf8 59. Rb8+ Ke7 60. Rb7+ Kf8 61. Rf7+ Kg8 62. Re7 Kf8 63. Re5 Rg2 64. Re6 Rg1 65. Ra6 Rg2 66. Ke5 Rg1 67. f5 Re1+ 68. Kd5 Rd1+ 69. Ke4 Re1+ 70. Kf4 Rf1+ 71. Ke4 Re1+ 72. Kd3 Rd1+ 73. Ke3 Re1+ 74. Kf4 Rf1+ 75. Kg5 Rg1+ 76. Kf4 Rf1+ 1/2-1/2


[Site "https://www.chess.com"]

[Event "Titled Tuesday Blitz October 25 Late 2022"]
[White "Vovk, Orest"]
[Black "Golubev, Mikhail"]
[WhiteFideId "14113490"]
[BlackFideId "14100983"]
[WhiteElo "2215"]
[BlackElo "2374"]
[Result "0-1"]
[Round "07"]
[TimeControl "180+1"]
[Date "2022.10.26"]
[WhiteClock "0:00:21"]
[BlackClock "0:00:42"]

1. h4 Nf6 2. h5 e5 3. h6 g6 4. d4 exd4 5. Qxd4 Nc6 6. Qa4 Be7 7. Nc3 O-O 8. Bg5 d6 9. O-O-O Be6 10. Nf3 Nd7 11. Qh4 Nde5 12. Bxe7 Qxe7 13. Qxe7 Nxe7 14. Nxe5 dxe5 15. e4 Rad8 16. Rxd8 Rxd8 17. g3 f6 18. f4 Nc6 19. Bg2 exf4 20. gxf4 Ne7 21. e5 fxe5 22. fxe5 c6 23. Ne4 Nf5 24. Nf6+ Kh8 25. Bh3 Ng3 26. Bxe6 Nxh1 27. Bf7 Ng3 28. e6 Ne2+ 0-1


[Site "https://www.chess.com"]

[Event "Titled Tuesday Blitz October 25 Late 2022"]
[White "Wiegmann, Sascha"]
[Black "Omariev, Maksim"]
[WhiteFideId "4682041"]
[BlackFideId "4193423"]
[WhiteElo "2294"]
[BlackElo "2409"]
[Result "1/2-1/2"]
[Round "07"]
[TimeControl "180+1"]
[Date "2022.10.26"]
[WhiteClock "0:00:09"]
[BlackClock "0:00:10"]

1. Nf3 d5 2. g3 c6 3. Bg2 Nf6 4. O-O Bf5 5. d3 e6 6. Nbd2 Be7 7. c4 h6 8. a3 Bh7 9. b4 O-O 10. Bb2 Nbd7 11. Ra2 a5 12. b5 cxb5 13. cxb5 Qb6 14. a4 Rfc8 15. Nb3 Bb4 16. Qb1 Rc7 17. Rc1 Rac8 18. Bd4 Qd6 19. Rac2 e5 20. Rxc7 Rxc7 21. Rxc7 Qxc7 22. Bb2 d4 23. Nfd2 Nb6 24. Qc1 Qxc1+ 25. Bxc1 Nfd5 26. Bxd5 Nxd5 27. Nc4 Nc3 28. Kf1 Nxa4 29. Nbxa5 Bxa5 30. Nxa5 b6 31. Nc4 f6 32. f4 e4 33. dxe4 Bxe4 34. Bd2 Bd5 35. Nd6 g6 36. Bb4 f5 37. Ke1 Kg7 38. Kd2 Be4 39. Nc4 Kf6 40. Bd6 Ke6 41. Be5 Kd5 42. Nd6 g5 43. h4 g4 44. h5 Nc5 45. Nf7 Bb1 46. Nxh6 Ke6 47. Ng8 Ne4+ 48. Ke1 Kf7 49. Nh6+ Ke6 50. Ng8 Kf7 51. Nh6+ Ke6 52. Ng8 1/2-1/2


[Site "https://www.chess.com"]

[Event "Titled Tuesday Blitz October 25 Late 2022"]
[White "Yanayt, Eugene"]
[Black "Kopacz, Grzegorz"]
[WhiteFideId "2020165"]
[BlackFideId "1109880"]
[WhiteElo "2046"]
[BlackElo "2037"]
[Result "1/2-1/2"]
[Round "07"]
[TimeControl "180+1"]
[Date "2022.10.26"]
[WhiteClock "0:00:10"]
[BlackClock "0:00:03"]

1. d4 Nf6 2. g3 g6 3. h4 h5 4. Bg2 Bg7 5. e4 d6 6. f3 O-O 7. Bg5 c5 8. Ne2 cxd4 9. Nxd4 Nc6 10. Nb3 Qb6 11. N1d2 Be6 12. Qe2 a5 13. Be3 Qc7 14. O-O Ne5 15. Rfc1 Nc4 16. Nxc4 Qxc4 17. Qf2 Nd7 18. Nd4 Rfc8 19. Bf1 Qc7 20. Nxe6 fxe6 21. c3 Ne5 22. Rc2 Rf8 23. Bf4 Nxf3+ 24. Qxf3 e5 25. Bh3 Bh6 26. Be6+ Kh7 27. Rg2 exf4 28. gxf4 Rxf4 29. Qg3 Rf6 30. Bd5 Raf8 31. Kh1 b5 32. e5 dxe5 33. Be4 Bf4 34. Qf3 Rg8 35. Qxh5+ Bh6 36. Rag1 Qc4 37. Bxg6+ Rfxg6 38. Rxg6 Qe4+ 39. R6g2 Rxg2 40. Rxg2 Qe1+ 41. Rg1 Qe4+ 42. Kh2 Qf4+ 43. Rg3 Qf2+ 44. Kh3 Qf1+ 45. Kh2 Qf2+ 46. Kh3 Qf1+ 47. Kg4 Qf4+ 48. Kh3 Qf1+ 1/2-1/2


[Site "https://www.chess.com"]

[Event "Titled Tuesday Blitz October 25 Late 2022"]
[White "Yurovskykh, Oleksandr"]
[Black "Li, Ben"]
[WhiteFideId "14134020"]
[BlackFideId "2089980"]
[WhiteElo "2303"]
[BlackElo "2267"]
[Result "0-1"]
[Round "07"]
[TimeControl "180+1"]
[Date "2022.10.26"]
[WhiteClock "0:01:59"]
[BlackClock "0:00:59"]

1. d4 d5 2. Bf4 Nf6 3. e3 c5 4. c3 Nc6 5. Nd2 e6 6. Ngf3 Bd6 7. Bg3 O-O 8. Bb5 Ne7 9. Bd3 c4 10. Bc2 b5 11. e4 dxe4 12. Nxe4 Nxe4 13. Bxe4 Rb8 14. Ne5 Bb7 15. Qe2 Bxe4 16. Qxe4 Qc7 17. a3 Nd5 18. O-O a5 19. Nf3 Bxg3 20. hxg3 b4 21. axb4 axb4 22. Rfc1 bxc3 23. bxc3 h6 24. Ne5 Rb3 25. Qe1 Rfb8 26. Rc2 f6 27. Ng4 Kf7 28. Ne3 Nxe3 29. Qxe3 Rb1+ 30. Rxb1 Rxb1+ 31. Kh2 Qa5 32. Re2 Qh5# 0-1


[Site "https://www.chess.com"]

[Event "Titled Tuesday Blitz October 25 Late 2022"]
[White "Yurtseven, Melih"]
[Black "Senthil Maran K"]
[WhiteFideId "6312160"]
[BlackFideId "25035681"]
[WhiteElo "2218"]
[BlackElo "2109"]
[Result "0-1"]
[Round "07"]
[TimeControl "180+1"]
[Date "2022.10.26"]
[WhiteClock "0:00:02"]
[BlackClock "0:00:16"]

1. d4 d5 2. c4 c6 3. Nf3 e6 4. Qc2 dxc4 5. Qxc4 Nf6 6. g3 b5 7. Qc2 Bb7 8. Bg2 Nbd7 9. O-O c5 10. dxc5 Bxc5 11. Nc3 Rc8 12. Qd3 b4 13. Na4 Be7 14. Be3 O-O 15. Qb5 Bc6 16. Qa6 Qc7 17. Rac1 Qb7 18. Qxb7 Bxb7 19. b3 a5 20. Nd4 Nd5 21. Rxc8 Rxc8 22. Rc1 Nxe3 23. Rxc8+ Bxc8 24. fxe3 Ne5 25. h3 Ba6 26. Kf2 Kf8 27. Bc6 Bd6 28. g4 g5 29. Be4 h6 30. Bg2 Ke7 31. Be4 Kd8 32. Nc6+ Nxc6 33. Bxc6 Kc7 34. Be8 f6 35. Bf7 Bc8 36. Bg6 Bd7 37. Bd3 Be5 38. Nc5 Bc8 39. Bc4 Kd6 40. Ne4+ Ke7 0-1


[Site "https://www.chess.com"]

[Event "Titled Tuesday Blitz October 25 Late 2022"]
[White "Zhigalko, Sergei"]
[Black "Paravyan, David"]
[WhiteFideId "13502956"]
[BlackFideId "4194985"]
[WhiteElo "2662"]
[BlackElo "2555"]
[Result "1-0"]
[Round "07"]
[TimeControl "180+1"]
[Date "2022.10.26"]
[WhiteClock "0:02:14"]
[BlackClock "0:02:15"]

1. e4 e5 2. Nf3 Nf6 3. Nxe5 d6 4. Nf3 Nxe4 5. Nc3 Nxc3 6. dxc3 Be7 7. Be3 O-O 8. Qd2 Nd7 9. O-O-O Nf6 10. Bd3 Re8 11. Kb1 d5 12. Rhe1 Bg4 13. h3 Bxf3 14. gxf3 c6 15. Rg1 Qd7 16. Bd4 Qd6 17. Rxg7+ Kxg7 18. Rg1+ Kh8 19. Qh6 1-0


[Site "https://www.chess.com"]

[Event "Titled Tuesday Blitz October 25 Late 2022"]
[White "Zilleruelo Irizarry, Diego"]
[Black "Storey, Charles H"]
[WhiteFideId "3101460"]
[BlackFideId "406686"]
[WhiteElo "1998"]
[BlackElo "2252"]
[Result "1-0"]
[Round "07"]
[TimeControl "180+1"]
[Date "2022.10.26"]
[WhiteClock "0:00:17"]
[BlackClock "0:00:05"]

1. e4 g6 2. d4 Bg7 3. Nc3 c5 4. Be3 Qa5 5. Qd2 Nf6 6. dxc5 Ng4 7. Bd4 Bxd4 8. Qxd4 O-O 9. Nf3 Nc6 10. Qc4 b6 11. cxb6 Qxb6 12. Nd1 d6 13. h3 Nge5 14. Qb5 Nxf3+ 15. gxf3 Qxb5 16. Bxb5 Nd4 17. Ba4 Nxf3+ 18. Ke2 Ng5 19. Ke3 Rb8 20. Bb3 Nxh3 21. f4 e5 22. fxe5 dxe5 23. Nc3 Nf4 24. Nd5 Nxd5+ 25. exd5 f5 26. c4 Kg7 27. Rac1 f4+ 28. Ke4 Re8 29. c5 Bf5+ 30. Kf3 g5 31. c6 g4+ 32. Kf2 Be4 33. Rhe1 g3+ 34. Kg1 Rxb3 35. axb3 Bxd5 36. c7 f3 37. Rxe5 f2+ 38. Kf1 Rxe5 39. c8=Q Re1+ 40. Rxe1 Bg2+ 41. Ke2 fxe1=Q+ 42. Kxe1 Be4 43. Qc7+ Kf6 44. Qxg3 1-0


[Site "https://www.chess.com"]

[Event "Titled Tuesday Blitz October 25 Late 2022"]
[White "Zochowski, Kacper"]
[Black "Adla, Diego"]
[WhiteFideId "1125494"]
[BlackFideId "100072"]
[WhiteElo "2292"]
[BlackElo "2377"]
[Result "1/2-1/2"]
[Round "07"]
[TimeControl "180+1"]
[Date "2022.10.26"]
[WhiteClock "0:00:21"]
[BlackClock "0:00:21"]

1. Nf3 d5 2. c4 e6 3. g3 Nf6 4. Bg2 Be7 5. O-O O-O 6. b3 b6 7. Bb2 Bb7 8. e3 Nbd7 9. Nc3 h6 10. Rc1 Re8 11. cxd5 exd5 12. d4 a6 13. Re1 Rc8 14. Na4 Bd6 15. Nh4 Ne4 16. Nf5 Bf8 17. Nc3 Ndf6 18. Nxe4 Nxe4 19. Qg4 g6 20. Nh4 Bg7 21. Qd1 c5 22. Nf3 b5 23. Ne5 c4 24. Bxe4 dxe4 25. bxc4 Bxe5 26. dxe5 bxc4 27. Qd4 Qxd4 28. Bxd4 Bd5 29. Rb1 c3 30. Rec1 Bxa2 31. Ra1 Be6 32. Bxc3 Rc6 33. Bd4 Rec8 34. Rxc6 Rxc6 35. Kg2 Kg7 36. h3 g5 37. g4 Kg6 38. Kg3 h5 39. gxh5+ Kxh5 40. Ra5 Bc4 41. Bc5 Bb5 42. Bd6 Rc1 43. Ra2 Rg1+ 44. Kh2 Rf1 45. Kg2 Kg6 46. Rb2 Rd1 47. Rc2 f5 48. Rc8 f4 49. Rg8+ Kf5 50. Rf8+ Ke6 51. exf4 gxf4 52. Rxf4 a5 53. Rf6+ Kd5 54. Bb8 Be2 55. Rd6+ Kc5 56. Ba7+ Kb5 57. Rxd1 Bxd1 58. e6 Kc6 59. e7 Kd7 60. Bc5 a4 61. Kg3 Bh5 62. Kf4 Bg6 63. Ba3 Ke6 64. Kg5 Be8 65. h4 Kf7 66. Kf4 Bc6 67. Kg5 Kg7 68. h5 Kh7 69. h6 Be8 70. Bb4 Bd7 71. Kf6 Be8 72. Kg5 Bd7 73. Ba3 Be8 74. Bc1 Bd7 75. Kf6 Be8 76. Ke5 a3 77. Bxa3 Kxh6 78. Kxe4 Kg6 79. Ke5 Kf7 80. f4 Ba4 81. f5 Be8 82. f6 Ba4 83. Bb2 Be8 84. Kd6 Ba4 85. Kc7 Be8 86. Kd8 Ba4 87. e8=Q+ Bxe8 88. Kc7 Ba4 89. Ba3 Be8 90. Bb4 Ba4 91. Ba5 Be8 92. Bb4 Ba4 93. Ba5 Be8 94. Bb4 1/2-1/2


[Site "https://www.chess.com"]

[Event "Titled Tuesday Blitz October 25 Late 2022"]
[White "Adla, Diego"]
[Black "Papp, Petra"]
[WhiteFideId "100072"]
[BlackFideId "739049"]
[WhiteElo "2377"]
[BlackElo "2259"]
[Result "1-0"]
[Round "08"]
[TimeControl "180+1"]
[Date "2022.10.26"]
[WhiteClock "0:00:20"]
[BlackClock "0:00:03"]

1. Nf3 d5 2. d4 Nf6 3. c4 c6 4. cxd5 cxd5 5. Nc3 Nc6 6. Bf4 a6 7. Qb3 Na5 8. Qa4+ b5 9. Qc2 e6 10. e3 Bd6 11. Bxd6 Qxd6 12. Bd3 O-O 13. O-O Bd7 14. Rfc1 b4 15. Na4 Rfc8 16. Qd1 Nc4 17. Rab1 Ne4 18. h3 Bb5 19. Bxe4 dxe4 20. Nh2 Bxa4 21. Qxa4 f5 22. Nf1 a5 23. a3 Rab8 24. Rc2 Qd5 25. Rbc1 Nb6 26. Rxc8+ Rxc8 27. Rxc8+ Kf7 28. Qe8+ Kf6 29. Rd8 Qc4 30. axb4 axb4 31. Ng3 Nd5 32. Rd6 Ne7 33. Qf8+ 1-0


[Site "https://www.chess.com"]

[Event "Titled Tuesday Blitz October 25 Late 2022"]
[White "Aggelis, Nikolaos"]
[Black "Dilmukhametov, Artur"]
[WhiteFideId "4213220"]
[BlackFideId "24179922"]
[WhiteElo "2187"]
[BlackElo "2197"]
[Result "0-1"]
[Round "08"]
[TimeControl "180+1"]
[Date "2022.10.26"]
[WhiteClock "0:00:03"]
[BlackClock "0:00:05"]

1. d4 d5 2. Nf3 Nf6 3. c4 c6 4. Nbd2 a6 5. g3 Bf5 6. Bg2 e6 7. O-O Nbd7 8. b3 Be7 9. Bb2 O-O 10. Ne5 Nxe5 11. dxe5 Nd7 12. e4 dxe4 13. Bxe4 Bg6 14. Bxg6 hxg6 15. Ne4 Qc7 16. f4 Rfd8 17. Qc2 Nc5 18. Rad1 Nxe4 19. Qxe4 Bc5+ 20. Kg2 Qa5 21. Qc2 Rxd1 22. Rxd1 Rd8 23. Bc3 Qc7 24. b4 Be7 25. c5 a5 26. a3 axb4 27. axb4 b6 28. cxb6 Qxb6 29. Rxd8+ Qxd8 30. Be1 Qd5+ 31. Kg1 g5 32. Qd2 gxf4 33. gxf4 Qe4 34. Qc3 Qxf4 35. Qxc6 Qg4+ 36. Kf1 Bxb4 37. Bxb4 Qxb4 38. Qe8+ Qf8 39. Qd7 Qb8 40. Kg2 Qb2+ 41. Kf1 Qb1+ 42. Kg2 Qe4+ 43. Kf1 Qf4+ 44. Kg2 Qe4+ 45. Kg1 Qf5 46. Kg2 Kh7 47. Qd4 Kg6 48. h4 Kh5 49. Kg3 Qg6+ 50. Kh3 Qf5+ 51. Kg3 Kg6 52. Qc3 Qe4 53. Qd2 Qxe5+ 54. Kh3 Qf5+ 55. Kg3 e5 56. Qd6+ f6 57. Qf8 Kh7 58. Qe8 e4 59. h5 Qf3+ 60. Kh2 Qf4+ 61. Kh3 Qf5+ 62. Kh4 Qg5+ 63. Kh3 f5 64. Kh2 e3 65. Kh3 f4 66. Kh2 f3 67. Qe4+ Kh6 68. Qe8 Qxh5+ 69. Kg1 Qxe8 0-1


[Site "https://www.chess.com"]

[Event "Titled Tuesday Blitz October 25 Late 2022"]
[White "Aguilar, Juan"]
[Black "Wiegmann, Sascha"]
[WhiteFideId "3800091"]
[BlackFideId "4682041"]
[WhiteElo "2421"]
[BlackElo "2297"]
[Result "1-0"]
[Round "08"]
[TimeControl "180+1"]
[Date "2022.10.26"]
[WhiteClock "0:00:11"]
[BlackClock "0:00:07"]

1. d4 Nf6 2. c4 g6 3. Nc3 Bg7 4. e4 O-O 5. Nf3 d6 6. Be2 e5 7. d5 a5 8. Be3 Na6 9. Nd2 Nd7 10. O-O f5 11. f3 f4 12. Bf2 g5 13. a3 Rf7 14. b4 h5 15. c5 Bf8 16. c6 Nf6 17. Bxa6 bxa6 18. b5 axb5 19. Nxb5 g4 20. Bh4 Be7 21. Nc4 Nh7 22. Bxe7 Qxe7 23. a4 Qh4 24. Qd2 Ng5 25. Ncxd6 g3 26. h3 Bxh3 27. gxh3 Nxh3+ 28. Kg2 Nf2 29. Rh1 Nxh1 30. Rxh1 Qxh1+ 31. Kxh1 cxd6 32. c7 h4 33. Qg2 Rc8 34. Qh3 Rcxc7 35. Nxc7 Rxc7 36. Qg4+ Kf8 37. Qf5+ Kg7 38. Qg5+ Kf7 39. Qh5+ Kg7 40. Qxh4 Rc1+ 41. Kg2 Rc2+ 42. Kg1 Rc1+ 43. Kg2 Rc2+ 44. Kf1 Rf2+ 45. Kg1 Kf7 46. Qh7+ Kf6 47. Qf5+ Kg7 48. Qd7+ Kg8 49. Qd8+ Kg7 50. Qe7+ Kg8 51. Qxd6 Rxf3 52. Qxe5 Ra3 53. Qxf4 g2 54. Kxg2 Ra2+ 55. Kg3 Ra3+ 56. Kg4 Ra2 57. Qb8+ Kf7 58. Qc7+ Kf6 59. Qxa5 Kg6 60. Kf4 Rf2+ 61. Ke5 Rg2 62. Qb6+ Kh5 63. Qf6 Rg5+ 64. Qxg5+ Kxg5 65. d6 1-0


[Site "https://www.chess.com"]

[Event "Titled Tuesday Blitz October 25 Late 2022"]
[White "Ali Abdullahi, Farah"]
[Black "Muhammad, Shahzeb"]
[WhiteFideId "16100212"]
[BlackFideId "7804806"]
[WhiteElo "2239"]
[BlackElo "2413"]
[Result "1-0"]
[Round "08"]
[TimeControl "180+1"]
[Date "2022.10.26"]
[WhiteClock "0:01:05"]
[BlackClock "0:00:03"]

1. b3 Nf6 2. Bb2 d5 3. e3 e6 4. Nf3 Bd6 5. Be2 O-O 6. O-O c5 7. c4 Nc6 8. cxd5 exd5 9. d4 cxd4 10. Nxd4 Be6 11. Nc3 Qe7 12. Bf3 Rfd8 13. Re1 Be5 14. Nde2 Ne4 15. Bxe4 dxe4 16. Qb1 f5 17. Nb5 Bxb2 18. Qxb2 Nb4 19. Nf4 Bf7 20. Rac1 a6 21. Rc7 Qf8 22. Nd4 Rxd4 23. Qxd4 Nc6 24. Qb6 g5 25. Rxb7 Nd8 26. Rxf7 Qxf7 27. Ne2 Qe6 28. Qc7 Rc8 29. Qg3 h6 30. Nd4 Qd5 31. Qh3 f4 32. Qxc8 f3 33. Qc4 Qxc4 34. bxc4 fxg2 35. Kxg2 Kf7 36. Rb1 Kf6 37. Rb6+ Ke5 38. Rxa6 g4 39. Rxh6 g3 40. hxg3 1-0


[Site "https://www.chess.com"]